 Dungeon Crawl Stone Soup version 0.14-a0-586-g2535b90 (webtiles) character file.

110 PolkaDot the Sneak (level 3, 0/22 HPs)
             Began as a Vampire Wizard on Nov 3, 2013.
             Succumbed to a goblin's poison
             ... on Level 2 of the Dungeon.
             The game lasted 00:05:01 (1562 turns).

PolkaDot the Sneak (Vampire Wizard)                 Turns: 1562, Time: 00:05:01

HP   0/22        AC  4     Str  6      XL: 3   Next: 69%
MP  10/10        EV 18     Int 21      God:
Gold 54          SH  0     Dex 17      Spells:  1 memorised,  7 levels left

Res.Fire  : . . .   See Invis. : +   e - +0,-2 elf dagger (curse)
Res.Cold  : . . .   Warding    : .   a - +0 robe
Life Prot.: . . .   Conserve   : .   (no shield)
Res.Poison: .       Res.Corr.  : .   b - +0 wizard hat
Res.Elec. : .       Clarity    : .   (no cloak)
Sust.Abil.: . .     Spirit.Shd : .   f - +1 pair of gauntlets
Res.Mut.  : .       Stasis     : .   (no boots)
Res.Rott. : .       Flight     : .   (no amulet)
Saprovore : . . .                    (no ring)
                                     (no ring)

@: regenerating quickly, agile, quite poisoned, slightly resistant to hostile
enchantments, quite stealthy
A: fangs 3, see invisible, unbreathing
a: no special abilities


You were on level 2 of the Dungeon.
You were very full.

You visited 1 branch of the dungeon, and saw 2 of its levels.

You collected 54 gold pieces.

Inventory:

Hand weapons
 e - a cursed +0,-2 elven dagger (weapon)
 g - a +0,+0 short sword
Armour
 a - a +0 robe (worn)
 b - a +0 wizard hat (worn)
 f - a +1 pair of gauntlets (worn)
Jewellery
 i - an uncursed ring of protection from fire {unknown}
Potions
 h - a potion of agility
Books
 c - a book of Minor Magic

   Spells                             Type                      Level
   *Magic Dart                        Conjuration                  1
   Blink                              Translocation                2
   Call Imp                           Summoning                    2
   Repel Missiles                     Charms/Air                   2
   Slow                               Hexes                        2
   Conjure Flame                      Conjuration/Fire             3
   Mephitic Cloud                     Conjuration/Poison/Air       3


   Skills:
 * Level 2.1 Short Blades
 - Level 2.1 Dodging
 - Level 3.0 Stealth
 - Level 3.0 Spellcasting
 + Level 2.1 Conjurations
   Level 1.0 Summonings
   Level 0.7 Translocations


You had 7 spell levels left.
You knew the following spells:

 Your Spells              Type           Power        Failure   Level  Hunger
a - Magic Dart            Conj           ##..         8%          1    None


Dungeon Overview and Level Annotations

Branches:
Dungeon (2/27)

Altars:
Okawaru


Innate Abilities, Weirdness & Mutations

Your natural rate of healing is unusually fast.
You have razor-sharp teeth.*
You have supernaturally acute eyesight.
You can survive without breathing.*


Message History

* * * LOW HITPOINT WARNING * * *
You feel sick.
* * * LOW HITPOINT WARNING * * *
You feel sick.
Drink which item? (? for menu, Esc to quit)
You feel more agile all of a sudden.
It was a potion of agility.
* * * LOW HITPOINT WARNING * * *
You feel sick.
Drink which item? (? for menu, Esc to quit)
Yummy - fresh blood!
* * * LOW HITPOINT WARNING * * *
You feel sick.
You feel a little better.
* * * LOW HITPOINT WARNING * * *
You feel sick.
* * * LOW HITPOINT WARNING * * *
You feel sick.
The giant gecko hisses menacingly.
You die...

#....(((.....#### #.....
########g......... ......
#.....#### ######.
#.....# #####.
#wl##########.....
########..###............
.........................
########..###.....##.....
#.......@..##.....##.....
#..........##.....##.....
..<.......##.....##.....
..........##.....#######
..........##............
.........##.....#######
........##.....#
.......######## ...


You could see a worm, a giant gecko and a goblin.

Vanquished Creatures
  An adder (D:2)
  3 giant geckos (D:1)
  A ball python (D:1)
  A giant cockroach (D:2)
  7 goblins (D:1)
  5 hobgoblins (D:1)
  2 jackals (D:1)
  3 kobolds (D:1)
  4 training dummies (D:2)
  4 bats (D:1)
  A giant cockroach zombie (D:1)
  2 giant newts (D:1)
  A goblin zombie (D:1)
  6 rats
41 creatures vanquished.

Notes
Turn   | Place    | Note
--------------------------------------------------------------
     0 | D:1      | PolkaDot, the Vampire Wizard, began the quest for the Orb.
     0 | D:1      | Reached XP level 1. HP: 11/11 MP: 6/6
   266 | D:1      | Reached skill level 1 in Conjurations
   312 | D:1      | Reached XP level 2. HP: 12/17 MP: 2/8
   442 | D:1      | Reached skill level 1 in Short Blades
   850 | D:1      | Reached XP level 3. HP: 18/22 MP: 10/10
  1464 | D:2      | Found an iron altar of Okawaru.
  1560 | D:2      | HP: 1/22 [poisoned by a goblin]
  1562 | D:2      | Succumbed to a goblin's poison

Action                   || total
-------------------------++-------
Melee: Unarmed           ||    20
       Dagger            ||   158
 Cast: Magic Dart        ||    53
  Use: Scroll            ||     2
       Potion            ||     2
 Stab: Sleeping          ||     3
